Map: Prion Terraces

Players

juhyg - Winner!

  • Race: Zerg Zerg
  • League: Bronze

ZiiiDrate

  • Race: Terran Terran
  • League: Bronze

VOD

Have the link to the VOD?

Description

Time

  • Played on: Feb. 5, 2016, 5:02 p.m.
  • Length: 10:21
Show
View Real Time Build Order
Export as new Build Order

juhyg Zerg - Winner!

Build Orders: Pool First 

Get SALT Encoding   

  12  0:21  Spawning Pool  
  11  0:26  Drone  
  11  0:27  Drone  
  13  0:35  Overlord  
  13  0:43  Drone  
  14  0:54  Drone  
  15  1:02  Drone  
  16  1:09  Queen  
  16  1:10  Drone  
  19  1:28  Zergling x2  
  20  1:35  Extractor  
  19  2:07  Drone  
  19  2:08  Drone x2  
  22  2:19  Overlord x2  
  22  2:20  Overlord  
  22  2:30  Roach Warren  
  21  2:44  Zergling x4  
  23  2:50  Extractor  
  22  2:53  Drone x3  
  22  2:54  Drone  
  25  3:20  Lair  
  25  3:22  Roach x3  
  31  3:48  Roach x3  
  36  3:59  Spore Crawler  
  36  4:02  Spore Crawler  
  34  4:03  Spore Crawler  
  34  4:07  Spore Crawler  
  32  4:35  Drone x3  
  35  4:40  Metabolic Boost  
  35  5:08  Spire  
  35  5:13  Roach x5  
  44  5:31  Infestation Pit  
  44  5:34  Drone  
  44  5:35  Overlord x2  
  45  5:36  Overlord  
  45  5:44  Hatchery  
  44  6:19  Spore Crawler  
  43  6:36  Hive  
  43  6:50  Infestation Pit  
  43  6:52  Drone x3  
  45  7:45  Hatchery  
  43  8:30  Ultralisk Cavern  
  40  8:48  Queen  
  42  9:10  Hydralisk Den  
  41  9:19  Ultralisk x2  
  41  9:21  Zergling x12  
  41  9:22  Zergling x14  
  41  9:23  Overlord  
  66  9:31  Drone  
  67  9:32  Drone  
  67  9:36  Drone  
Show
View Real Time Build Order
Export as new Build Order

ZiiiDrate Terran 

Build Orders:  

Get SALT Encoding   

  12  0:01  SCV  
  13  0:16  Supply Depot  
  13  0:18  SCV  
  14  0:30  SCV  
  14  0:34  Refinery  
  15  0:42  Barracks  
  15  1:02  Barracks  
  15  1:03  SCV  
  16  1:16  SCV  
  17  1:29  Barracks  
  17  1:32  Supply Depot  
  17  1:35  Reaper  
  18  1:53  Supply Depot, Reaper  
  19  1:55  SCV  
  20  2:12  Reaper  
  21  2:23  Orbital Command  
  21  2:25  Reaper  
  22  2:32  Refinery  
  22  2:35  Reaper  
  23  2:48  SCV  
  25  3:05  SCV  
  25  3:12  Reaper x2  
  27  3:17  Command Center  
  27  3:18  SCV  
  28  3:30  SCV  
  28  3:33  Factory  
  29  3:39  Reaper  
  30  3:51  Barracks Tech Lab  
  30  3:59  Barracks Reactor  
  30  4:00  SCV  
  29  4:31  Marauder  
  31  4:33  Orbital Command, Barracks Tech Lab  
  31  4:36  SCV  
  32  4:40  Factory Tech Lab  
  32  4:47  Factory  
  32  4:49  Starport  
  32  4:50  Marine x2  
  34  5:03  Marauder x2  
  34  5:06  SCV x2  
  40  5:08  Refinery  
  40  5:29  Starport  
  40  5:34  Siege Tank  
  43  5:42  SCV x2  
  45  5:47  Supply Depot  
  45  5:52  Engineering Bay  
  45  5:54  Marine x3, SCV x2  
  45  5:55  Marauder  
  45  5:56  Factory Reactor  
  52  6:01  Medivac  
  54  6:09  SCV x2  
  56  6:27  Missile Turret  
  56  6:32  Missile Turret  
  56  6:33  SCV  
  56  6:34  Marine, SCV  
  56  6:35  Marine  
  60  6:41  Supply Depot  
  60  6:43  Supply Depot  
  60  6:46  SCV  
  61  6:51  Starport Reactor  
  61  6:58  Marine  
  62  7:01  Combat Shields  
  62  7:02  Marine  
  62  7:04  Stimpack  
  62  7:05  Medivac  
  62  7:06  Medivac  
  67  7:27  Command Center  
  67  7:30  Refinery  
  67  7:31  SCV x2  
  67  7:33  Marine x3  
  67  7:34  Marine  
  73  7:39  Liberator  
  73  7:48  Liberator x2  
  73  7:51  SCV  
  73  7:52  SCV  
  78  8:03  Supply Depot  
  78  8:06  Supply Depot  
  78  8:11  Marine x2  
  86  8:24  Marine  
  86  8:34  Liberator  
  86  8:35  Liberator  
  85  8:44  Marine  
  85  8:45  Marauder x2, Marine  
  85  8:47  Siege Tank  
  94  8:49  Orbital Command  
  100  9:01  Factory Tech Lab  
  100  9:06  SCV  
  100  9:07  SCV  
  102  9:16  Orbital Command  
  102  9:24  Barracks  
  102  9:38  Siege Tank  
  102  9:39  Marine x2, Siege Tank  
  102  9:40  Marine  
  102  9:42  Marine  
  102  9:44  Medivac x2  
  116  9:47  SCV  
  117  9:56  Supply Depot  
  117  9:57  Supply Depot  
  117  10:01  Supply Depot  
  117  10:04  SCV x2  
Tags
 
Add a new tag
Caveats
  • Supply blocks, unpowered buildings, or Contaminate may cause inaccurate times.
  • Supply counts are checked every 10 seconds.